 Dungeon Crawl Stone Soup version 0.25-a0-294-gea9b1ad378 (webtiles) character file.

Game seed: 5148826066572969037, levelgen mode: classic

104892 Borgoz the Fencer (level 16, -8/106 HPs)
             Began as a Gargoyle Berserker on Dec 19, 2019.
             Was a High Priest of Trog.
             Mangled by a two-headed ogre
             ... wielding a cursed +0 giant spiked club
              (10 damage)
             ... while paralysed by an ogre mage
             ... on level 2 of the Orcish Mines.
             The game lasted 00:55:52 (27347 turns).

Borgoz the Fencer (Gargoyle Berserker)             Turns: 27347, Time: 00:55:53

Health: -8/106     AC: 31    Str: 26    XL:     16   Next: 39%
Magic:  0/20       EV:  2    Int:  8    God:    Trog [*****.]
Gold:   2402       SH:  0    Dex: 24    Spells: 15/15 levels left

rFire    . . .     SeeInvis .   a - +8 great sword (freeze)
rCold    . . .     Gourm    .   (shield currently unavailable)
rNeg     + . .     Faith    .   y - +4 troll leather armour
rPois    ∞         Spirit   +   H - +0 Maxwell's etheric cage {RegenMP+ *Contam rElec MP+4}
rElec    +         Reflect  .   (no cloak)
rCorr    .         Harm     .   w - +2 pair of gloves of True Grit {Int-2 Dex+5}
MR       +....                  D - +2 pair of boots {Stlth+}
Stlth    ++........             q - amulet of guardian spirit
HPRegen  0.67/turn              s - +5 ring of strength MPRegen 0.67/turn*
                                B - +5 ring of dexterity

@: paralysed, berserk cooldown, flying, slowed
A: big wings, negative energy resistance 1, electricity resistance, unbreathing,
petrification resistance, rot immunity, AC +12
a: Stop Flying, Berserk, Trog's Hand, Brothers in Arms, Renounce Religion


You were on level 2 of the Orcish Mines.
You worshipped Trog.
Trog was extremely pleased with you.
You were hungry.

You visited 3 branches of the dungeon, and saw 23 of its levels.
You visited 1 bazaar.
You also visited: Ossuary, Gauntlet and Volcano.

You collected 2402 gold pieces.

Inventory:

Hand Weapons
 a - a +8 great sword of freezing (weapon)
 b - a +2 great sword of flaming
 z - a +4 antimagic great sword
Missiles
 S - a throwing net (quivered)
Armour
 r - a +0 scale mail of cold resistance
 w - the +2 pair of gloves of True Grit (worn) {Int-2 Dex+5}
   (You found it on level 6 of the Dungeon)

   It affects your intelligence (-2).
   It affects your dexterity (+5).
 y - a +4 troll leather armour (worn)
 D - a +2 pair of boots of stealth (worn)
 H - the +0 Maxwell's etheric cage (worn) {RegenMP+ *Contam rElec MP+4}
   (You found it in a Gauntlet)

   It insulates you from electricity.
   It affects your magic capacity (+4).
   It causes magical contamination when unequipped.
 Q - +0 fire dragon scales
Jewellery
 f - an uncursed ring of ice
 k - an uncursed ring of see invisible
 q - an amulet of guardian spirit (around neck)
 s - a +5 ring of strength (left hand)
 B - a +5 ring of dexterity (right hand)
 M - an uncursed ring of protection from magic
 O - an uncursed ring of ice
 T - an uncursed ring of resist corrosion
Wands
 l - a wand of iceblast (48)
 x - a wand of paralysis (4)
 A - a wand of digging (11)
 C - a wand of acid (26)
 E - a wand of disintegration (6)
Scrolls
 e - 2 scrolls of magic mapping
 g - 2 scrolls of fog
 i - 5 scrolls of fear
 n - a scroll of blinking
 o - 11 scrolls of remove curse
 p - 7 scrolls of teleportation
 R - 3 scrolls of identify
Potions
 h - 12 potions of curing
 j - 6 potions of berserk rage
 m - 6 potions of might
 t - 3 potions of cancellation
 u - 3 potions of agility
 v - 3 potions of heal wounds
 G - a potion of ambrosia
 I - 2 potions of invisibility
 L - 2 potions of haste
Comestibles
 c - 36 rations
 d - 7 chunks of flesh


   Skills:
 + Level 14.1 Fighting
 * Level 15.5 Long Blades
 + Level 14.8 Armour
 + Level 11.8 Dodging


You had 15 spell levels left.
You didn't know any spells.
Your spell library was empty.

Dungeon Overview and Level Annotations

Branches:
Dungeon (15/15)            Temple (0/1) D:6            Lair (6/6) D:8
  Swamp (0/4) Lair:2        Snake (0/4) Lair:2        Slime (0/5) Lair:6
    Orc (2/2) D:10            Elf (0/3) Orc:2        Vaults (0/5) D:13
 Depths (0/5) D:15        Ossuary (visited)         Volcano (visited)
Gauntlet (visited)

Altars:
Dithmenos
Elyvilon
Kikubaaqudgha
Nemelex Xobeh
Ru
Trog
Vehumet
Zin
Jiyva

Shops:
D:7 !


Innate Abilities, Weirdness & Mutations

You are resistant to torment.
Your stone body is resilient. (AC +12)
You are immune to poison.
Your large and strong wings let you fly indefinitely.
You resist negative energy. (rN+)
You are resistant to electric shocks. (rElec)
You can survive without breathing.
You are immune to petrification.
You are immune to rotting.


Message History

* * * LOW HITPOINT WARNING * * *
The cyclops throws a large rock.
The large rock hits you.
The ogre shouts!
The ogre mage hits you but does no damage.
The gnoll hits you but does no damage. The ogre hits you but does no damage.
The orc warrior hits you with a +0 mace.
* * * LOW HITPOINT WARNING * * *
The orc warrior hits you but does no damage.
The two-headed ogre hits you but does no damage. x2
The ogre mage hits you but does no damage.
The orc warrior hits you but does no damage.
The gnoll hits you but does no damage.
The orc warrior hits you but does no damage.
The ogre mage hits you but does no damage.
The cyclops throws a large rock.
The large rock hits you!
* * * LOW HITPOINT WARNING * * *
The orc warrior hits you but does no damage.
The two-headed ogre hits you but does no damage.
The two-headed ogre hits you with a +0 giant club!
You die...

,,,,,,,,,,,,,,,,,,,*,,,,,**
,,,,,,,,,.......C.......,,**
,,,,**,,................,,,*
,,,,,,,,#.......>......#*,**
,,,,*,,.................***
,,,,,,,.............#...**
,,,,,,,..............#,,,*
,,,,,,,..$.....)))...##,**
**,,***....$$.Oo@O....#**
*,,,,**#......OOoo.#..#*
,,,,,,*#......Ogo.##..,*
,,,,,,*#..#.#.........#*
,,,,,,,#........#.....#*
,,,,,,,#......O..#.#...*
,,,,,,,#....#<..#####.#*
.,,,,,,#..#....## *##
.,,,,,O#......$#


You could see 2 two-headed ogres, an ogre mage, a cyclops, 3 orc warriors, 3
ogres, an orc priest and a gnoll.

Vanquished Creatures
  Donald (Orc:2)
  A minotaur (Gauntlet)
  The ghost of twoshot the Thaumaturge, a journeyman GnWz of Ashenzari (Lair:4)
  2 fire dragons (D:15)
  A great orb of eyes (Gauntlet)
  A vault guard (D:13)
  An ogre mage (Orc:2)
  Harold (Lair:1)
  An ice dragon (D:14)
  11 hydras
  A catoblepas (D:14)
  9 two-headed ogres (Orc:2)
  5 death yaks (Lair:4)
  A tengu warrior (D:14)
  The ghost of Borgoz the Carver, a journeyman GrBe of Trog (D:11)
  A soul eater (Gauntlet)
  2 skeletal warriors (Volcano)
  Nergalle (D:12)
  5 unseen horrors
  An orange crystal statue (D:11)
  3 wizards (D:13)
  Pikel (D:9)
  A necromancer (D:13)
  An orc knight (Orc:2)
  An anaconda skeleton (Volcano)
  3 deep elf magi
  2 cyclopes
  3 oklob plants (Lair:5)
  A wolf spider zombie (D:15)
  10 ugly things
  An orc sorcerer (Orc:2)
  A manticore (D:15)
  A moth of wrath (Gauntlet)
  Joseph (D:8)
  4 elephants (Lair:4)
  A black mamba (Lair:1)
  5 centaur zombies
  2 centaur skeletons
  6 gargoyles
  26 spiny frogs
  A kobold demonologist (D:12)
  A minotaur zombie (Gauntlet)
  8 komodo dragons
  4 rime drakes
  5 polar bears
  5 tyrant leeches
  2 hornets
  5 slime creatures (D:14)
  5 trolls
  30 blink frogs
  12 hippogriffs
  2 wolf spider simulacra (D:14)
  A harpy skeleton (Volcano)
  5 dream sheep (Lair:4)
  3 flying skulls (Volcano)
  2 alligator skeletons (Volcano)
  Sigmund (D:3)
  70 yaks
  3 shadows
  Eustachio (D:4)
  A basilisk (Lair:3)
  A wraith (D:15)
  17 humans (D:13)
  A hungry ghost (D:15)
  8 vampire mosquitoes
  A warg (Orc:2)
  Menkaure (D:4)
  A swamp worm (Lair:2)
  3 soldier ants
  18 water moccasins
  9 porcupines
  A floating eye (Lair:5)
  6 orc warriors
  4 slaves (D:9)
  8 black bears
  6 sky beasts
  2 ice beasts
  2 phantoms (D:9)
  16 ogres
  13 wolves
  14 centaurs
  17 crocodiles
  22 bullfrogs
  A gnoll sergeant (D:9)
  A wyvern skeleton (D:14)
  3 scorpions
  7 wights
  12 killer bees
  4 spriggan skeletons (Volcano)
  A troll skeleton (Volcano)
  3 howler monkeys
  An electric eel (Lair:6)
  4 crimson imps
  4 hounds
  2 quasits
  4 bullfrog zombies
  5 jellies
  10 orc wizards
  8 orc priests
  Ijyb (D:3)
  Jessica (D:3)
  3 iguanas
  Natasha (thrice) (D:3)
  18 worker ants
  2 naga skeletons (Volcano)
  4 mummies (Ossuary)
  15 gnolls
  20 adders
  8 shadow imps
  4 oozes
  An adder zombie (D:9)
  An adder skeleton (D:4)
  2 worms
  3 dart slugs
  4 leopard geckos
  34 orcs
  A ball python (Lair:2)
  3 bats
  4 giant cockroaches
  14 goblins
  9 hobgoblins
  5 jackals
  7 kobolds
  5 quokkas
  6 frilled lizards
  A gnoll zombie (Ossuary)
  3 goblin skeletons (Ossuary)
  A goblin zombie (Ossuary)
  7 hobgoblin skeletons (Ossuary)
  9 hobgoblin zombies (Ossuary)
  5 kobold skeletons (Ossuary)
  4 kobold zombies (Ossuary)
  4 orc skeletons (Ossuary)
  6 orc zombies (Ossuary)
  6 rats
  4 rat skeletons (Ossuary)
  4 rat zombies (Ossuary)
  2 butterflies (Lair:2)
  A fungus (Lair:4)
  3 plants
768 creatures vanquished.

Vanquished Creatures (collateral kills)
  A rime drake (Lair:4)
  5 yaks (Lair:4)
  A porcupine (Lair:4)
7 creatures vanquished.

Vanquished Creatures (others)
  An unseen horror (D:15)
  A wizard (D:3)
  An orc (D:8)
  A hobgoblin skeleton (Ossuary)
  A rat skeleton (Ossuary)
  13 fungi
  42 plants
60 creatures vanquished.

Grand Total: 835 creatures vanquished

Notes
Turn   | Place    | Note
-------+----------+-------------------------------------------
     0 | D:1      | Borgoz the Gargoyle Berserker began the quest for the Orb.
     0 | D:1      | Reached XP level 1. HP: 14/14 MP: 1/1
   317 | D:1      | Reached XP level 2. HP: 7/19 MP: 2/2
   638 | D:1      | Reached skill level 3 in Long Blades
   707 | D:1      | Reached XP level 3. HP: 6/23 MP: 3/3
  1487 | D:2      | Found a radiant altar of Vehumet.
  1582 | D:2      | Reached ** piety under Trog
  1719 | D:2      | Reached XP level 4. HP: 26/29 MP: 4/4
  2058 | D:3      | Found a bloodstained altar of Trog.
  2058 | D:3      | Noticed Sigmund
  2076 | D:3      | Killed Sigmund
  2076 | D:3      | Reached skill level 4 in Long Blades
  2076 | D:3      | Reached XP level 5. HP: 10/33 MP: 5/5
  2076 | D:3      | Reached XP level 6. HP: 11/38 MP: 6/6
  2494 | D:3      | Noticed Jessica
  2511 | D:3      | Killed Jessica
  2766 | D:3      | Noticed a wizard
  2768 | D:3      | Killed a wizard
  2855 | D:3      | Noticed Ijyb
  2873 | D:3      | Killed Ijyb
  2938 | D:3      | Found a sacrificial altar of Ru.
  2940 | D:3      | Found a sparkling altar of Nemelex Xobeh.
  2941 | D:3      | Found an ancient bone altar of Kikubaaqudgha.
  3200 | D:3      | Noticed Natasha
  3207 | D:3      | Killed Natasha
  3429 | D:4      | Reached XP level 7. HP: 36/44 MP: 7/7
  3640 | D:4      | Found a sand-covered staircase.
  3646 | Ossuary  | Entered an ossuary
  3685 | Ossuary  | Reached *** piety under Trog
  3961 | Ossuary  | Reached **** piety under Trog
  4112 | Ossuary  | Reached skill level 5 in Long Blades
  4564 | D:4      | Noticed Eustachio
  4575 | D:4      | Killed Eustachio
  4575 | D:4      | Reached skill level 5 in Fighting
  4744 | D:4      | Noticed Menkaure
  4755 | D:4      | Killed Menkaure
  5388 | D:5      | Entered Level 5 of the Dungeon
  5414 | D:5      | Reached XP level 8. HP: 28/50 MP: 8/8
  5603 | D:5      | Found a white marble altar of Elyvilon.
  5617 | D:5      | Reached skill level 6 in Long Blades
  5617 | D:5      | Reached skill level 5 in Armour
  5830 | D:5      | You fall into a shaft and drop 3 floors!
  6359 | D:8      | Reached skill level 7 in Long Blades
  6359 | D:8      | Reached XP level 9. HP: 16/56 MP: 9/9
  7734 | D:5      | Reached skill level 5 in Dodging
  7789 | D:5      | Reached skill level 8 in Long Blades
  8965 | D:3      | Noticed Natasha
  8974 | D:3      | Killed Natasha
  9049 | D:3      | Noticed Natasha
  9057 | D:3      | Killed Natasha
  9212 | D:6      | Found a staircase to the Ecumenical Temple.
  9257 | D:6      | Found a bloodstained altar of Trog.
  9584 | D:6      | Got a pair of warped gloves
  9595 | D:6      | Identified the +2 pair of gloves of True Grit {Int-2 Dex+5}
                  | (You found it on level 6 of the Dungeon)
 10027 | D:7      | Found Guevir's Distillery.
 10114 | D:7      | Reached XP level 10. HP: 51/63 MP: 10/10
 10689 | D:8      | Noticed Joseph
 10702 | D:8      | Killed Joseph
 10822 | D:8      | Found a staircase to the Lair.
 10969 | D:8      | Reached skill level 9 in Long Blades
 11712 | D:9      | Reached ***** piety under Trog
 11712 | D:9      | Received a gift from Trog
 11830 | D:9      | Noticed Pikel
 11844 | D:9      | Killed Pikel
 12051 | D:10     | Entered Level 10 of the Dungeon
 12064 | D:10     | Found a runed translucent door.
 12081 | D:10     | Killed an unseen horror
 12081 | D:10     | Reached XP level 11. HP: 61/69 MP: 11/11
 12777 | D:10     | Found a runed translucent door.
 12871 | D:10     | Found a glowing silver altar of Zin.
 13348 | D:10     | Found a staircase to the Orcish Mines.
 13550 | D:11     | Found a gateway to a bazaar.
 13550 | D:11     | Noticed an orange crystal statue
 13559 | D:11     | Killed an orange crystal statue
 13563 | Bazaar   | Entered a bazaar
 13563 | Bazaar   | Found Fisaoh's Book Boutique.
 13563 | Bazaar   | Found Waisi's Jewellery Boutique.
 13587 | Bazaar   | Found Gaijot's Gadget Boutique.
 13628 | Bazaar   | Found Elyocvoxuh's Gadget Shop.
 13832 | D:11     | Received a gift from Trog
 13908 | D:11     | Reached skill level 10 in Long Blades
 14061 | D:11     | Noticed a cyclops
 14086 | D:11     | Killed a cyclops
 14184 | D:11     | Reached skill level 10 in Armour
 14482 | D:11     | Found a large runed translucent door.
 14482 | D:11     | Found a large runed translucent door.
 14499 | D:11     | Noticed Borgoz's ghost (journeyman GrBe)
 14688 | D:12     | Reached XP level 12. HP: 29/76 MP: 12/12
 14978 | D:12     | Reached skill level 10 in Fighting
 15440 | D:12     | Noticed Nergalle
 15453 | D:12     | Killed Nergalle
 16702 | D:13     | Reached skill level 11 in Long Blades
 16748 | D:13     | Received a gift from Trog
 16920 | D:13     | Reached XP level 13. HP: 83/83 MP: 13/13
 16982 | D:13     | Found a gate to the Vaults.
 16982 | D:13     | Noticed a vault guard
 17000 | D:13     | Killed a vault guard
 17430 | D:11     | Killed Borgoz's ghost
 17928 | D:14     | Reached skill level 12 in Long Blades
 18293 | D:15     | Entered Level 15 of the Dungeon
 18457 | D:15     | Reached skill level 10 in Dodging
 18586 | D:15     | Noticed a fire dragon
 18603 | D:15     | Killed a fire dragon
 18718 | D:15     | Noticed a fire dragon
 18719 | D:15     | Noticed an ice dragon
 18831 | D:14     | Killed an ice dragon
 19042 | D:15     | Killed a fire dragon
 19111 | D:15     | Found a staircase to the Depths.
 19170 | D:15     | Gained mutation: Your large and strong wings let you fly
                  | indefinitely. [Gargoyle growth]
 19170 | D:15     | Reached XP level 14. HP: 74/91 MP: 14/14
 19409 | D:15     | Found a shadowy altar of Dithmenos.
 19424 | D:15     | Received a gift from Trog
 19467 | D:15     | Found a sparkling altar of Nemelex Xobeh.
 19918 | Lair:1   | Entered Level 1 of the Lair of Beasts
 19931 | Lair:1   | Noticed Harold
 19941 | Lair:1   | Killed Harold
 20551 | Lair:2   | Reached skill level 13 in Long Blades
 20857 | Lair:2   | Found a staircase to the Snake Pit.
 21181 | Lair:2   | Found a staircase to the Swamp.
 21730 | Lair:3   | Received a gift from Trog
 22551 | Lair:4   | Found a runed translucent gate.
 22553 | Lair:4   | Found a runed translucent gate.
 22554 | Lair:4   | Found a runed translucent gate.
 22556 | Lair:4   | Noticed twoshot's ghost (journeyman GnWz)
 22584 | Lair:4   | Killed twoshot's ghost
 22666 | Lair:4   | Found a dark tunnel.
 22671 | Volcano  | Entered a volcano
 22925 | Volcano  | Reached XP level 15. HP: 91/97 MP: 15/15
 22957 | Volcano  | Received a gift from Trog
 23227 | Lair:4   | Reached skill level 14 in Long Blades
 24371 | Lair:5   | Paralysed by a floating eye for 2 turns
 24376 | Lair:5   | Paralysed by a floating eye for 4 turns
 25445 | Lair:6   | Entered Level 6 of the Lair of Beasts
 25595 | Lair:6   | Received a gift from Trog
 25831 | Lair:6   | Identified the Tome of Creative Conjuration
 26137 | Lair:6   | Reached skill level 15 in Long Blades
 26210 | Lair:6   | Received a gift from Trog
 26220 | Lair:6   | Reached XP level 16. HP: 91/105 MP: 14/16
 26268 | Lair:6   | Found a runed translucent door.
 26268 | Lair:6   | Found a viscous altar of Jiyva.
 26269 | Lair:6   | Found a staircase to the Slime Pits.
 26752 | Orc:1    | Entered Level 1 of the Orcish Mines
 26876 | Orc:2    | Entered Level 2 of the Orcish Mines
 26876 | Orc:2    | Noticed Donald
 26909 | Orc:2    | Found a gate leading to a gauntlet.
 26915 | Orc:2    | Found a staircase to the Elven Halls.
 26927 | Orc:2    | Killed Donald
 26953 | Gauntlet | Entered a Gauntlet
 26953 | Gauntlet | Found a transporter.
 26953 | Gauntlet | Found a transporter.
 26953 | Gauntlet | Found a transporter.
 26965 | Gauntlet | Found a transporter.
 26968 | Gauntlet | Found a transporter.
 26976 | Gauntlet | Found a transporter.
 26979 | Gauntlet | Found a transporter.
 26989 | Gauntlet | Found a transporter.
 27006 | Gauntlet | Found a transporter.
 27011 | Gauntlet | Found a transporter.
 27013 | Gauntlet | Found a transporter.
 27014 | Gauntlet | Found the +0 Maxwell's etheric cage {RegenMP+ *Contam rElec
                  | MP+4}
 27024 | Gauntlet | Found a transporter.
 27248 | Gauntlet | Got a pair of ancient gloves
 27259 | Gauntlet | Identified the +2 pair of gloves of Claustrophobia {rElec
                  | rPois} (You found it in a Gauntlet)
 27284 | Gauntlet | Identified the +3 battleaxe of Slime {pain, rF+ rC+}
 27342 | Orc:2    | Paralysed by an ogre mage for 7 turns
 27347 | Orc:2    | HP: 2/106 [cyclops/large rock (6)]
 27347 | Orc:2    | Mangled by a two-headed ogre

Levels and vault maps discovered:
D:1:      dpeg_arrival_rooms_c, layout_basic, minmay_heptomino_h4
D:2:      cheibrodos_greedy_goblins, layout_basic, vehumet_crystals
D:3:      layout_loops_corners, minitemple, trog_wizard, uniq_natasha,
          uniq_jessica, uniq_sigmund, uniq_ijyb
D:4:      layout_loops_ring, lightli_ossuary_entry_decrepit_ruins,
          roderic_serpentine_path, uniq_eustachio, uniq_menkaure
D:5:      layout_basic, overflow_temple_1_default, first_ration
D:6:      layout_loops_ring, minmay_temple_entry_antechambers,
          trog_butcher_becter
D:7:      layout_cave_pools, serial_shops, nicolae_shop_behind_doors,
          grunt_decor_mini_mirrors
D:8:      layout_basic, minmay_lair_entry_grove, uniq_joseph
D:9:      layout_rooms, uniq_pikel
D:10:     lemuel_insect_pit, layout_loops_ring, orc_0_dummy, basic_altar
D:11:     layout_basic, serial_shops, statue_bzr, ebering_ghost_disaster_area
D:12:     layout_gridville, uniq_nergalle
D:13:     layout_loops_ring, grunt_vaults_entry_tiered,
          hangedman_pestilent_swarm
D:14:     layout_cave_pools, glass_columns_a
D:15:     grunt_enter_depths_hoard, layout_cave_pods,
          nicolae_dithmenos_the_darkroom, minmay_misc_feat_more_columns,
          nemelex_diamond_rough_becter
Lair:1:   layout_concentric_octagons, uniq_harold
Lair:2:   layout_loops_ring, palyth_hydra_swamp_entry,
          minmay_snake_entry_six_corridors, patterned_corridor,
          lemuel_fruit_fields, serial_bayou_shore_a, lemuel_fruit_fields
Lair:3:   beast_lair_carwin_large_3, layout_loops_ring,
          infiniplex_staircase_pool_2
Lair:4:   layout_cave_pods, nicolae_volcano_entry_s_turn,
          ebering_ghost_rock_garden
Lair:5:   layout_small_grid, disabler_island
Lair:6:   minmay_lair_end_frog_pond, layout_loops_ring, slime_altar_2,
          chequers_serial_rivers_room_b
Orc:1:    layout_caves, basic_altar
Orc:2:    st_orc_ogre_mass, layout_caves, gauntlet_entry_generic, mines2_david,
          uniq_donald

Skill      XL: |  1  2  3  4  5  6  7  8  9 10 11 12 13 14 15 16 |
---------------+-------------------------------------------------+-----
Long Blades    | 3 4 5 7 8 9 10 11 12 13 15 | 15.5
Dodging        | 2 3 4 5 6 8 9 10 11 | 11.8
Fighting       | 4 5 6 7 8 9 10 11 12 13 14 | 14.1
Armour         | 3 4 5 7 8 10 11 12 13 14 | 14.8

Action                   |  1- 3 |  4- 6 |  7- 9 | 10-12 | 13-15 | 16-18 || total
-------------------------+-------+-------+-------+-------+-------+-------++-------
Melee: Falchion          |    94 |   137 |   534 |   163 |       |       ||   928
       Long sword        |       |       |       |  1018 |       |       ||  1018
       Scimitar          |       |       |       |    14 |   445 |       ||   459
       Triple sword      |       |       |       |       |    31 |       ||    31
       Great sword       |       |       |       |       |   496 |   131 ||   627
Invok: Berserk           |       |     2 |     9 |    12 |    12 |     1 ||    36
       Trog's Hand       |       |     1 |     1 |     3 |     2 |       ||     7
 Abil: Fly               |       |       |       |       |     1 |       ||     1
Evoke: Wand              |       |       |       |     2 |    11 |       ||    13
  Use: Scroll            |       |     7 |     6 |     3 |    19 |     1 ||    36
       Potion            |       |       |     1 |     3 |       |     1 ||     5
 Stab: Sleeping          |     2 |       |     1 |       |     2 |       ||     5
       Distracted        |       |       |       |     1 |       |       ||     1
  Eat: Chunk             |     3 |     7 |    21 |    34 |    28 |     4 ||    97
       Ration            |       |       |     3 |     1 |     5 |       ||     9
Armor: Animal skin       |    30 |    38 |    66 |       |       |       ||   134
       Scale mail        |       |       |   103 |   276 |     2 |       ||   381
       Troll leather arm |       |       |       |   269 |   438 |    98 ||   805
       Fire dragon scale |       |       |       |       |    20 |       ||    20
Dodge: Dodged            |    65 |    77 |   309 |  1056 |  1038 |   253 ||  2798
Block: Other             |       |       |       |     1 |    68 |       ||    69
       Rpst.: Falchion   |    22 |    24 |    80 |    27 |       |       ||   153
       Long sword        |       |       |       |   245 |       |       ||   245
       Scimitar          |       |       |       |     5 |    91 |       ||    96
       Great sword       |       |       |       |       |   169 |    69 ||   238
       Triple sword      |       |       |       |       |     7 |       ||     7

Table legend:
 A = Non-vault XP
 B = Vault XP
 C = Vault XP percentage of total XP
 D = Non-vault monster count
 E = Vault monster count
 F = Vault count percentage of total count
                 A         B        C        D         E       F
            +---------+---------+-------+---------+---------+-------
      Total |   85719 |   64128 |  42.8 |     482 |     276 |  36.4
            +---------+---------+-------+---------+---------+-------
        D:1 |      38 |      14 |  26.9 |      16 |       4 |  20.0
        D:2 |      43 |      22 |  33.8 |      13 |      11 |  45.8
        D:3 |      96 |     330 |  77.5 |      11 |       4 |  26.7
        D:4 |     241 |     361 |  60.0 |      12 |       2 |  14.3
        D:5 |     474 |       0 |   0.0 |      17 |       0 |   0.0
        D:6 |     354 |     242 |  40.6 |      15 |       4 |  21.1
        D:7 |     735 |       0 |   0.0 |       8 |       0 |   0.0
        D:8 |     885 |    1911 |  68.3 |      25 |      13 |  34.2
        D:9 |    2728 |     641 |  19.0 |      42 |       1 |   2.3
       D:10 |    1882 |     493 |  20.8 |      21 |      11 |  34.4
       D:11 |    5259 |    1567 |  23.0 |      34 |       2 |   5.6
       D:12 |    7215 |     757 |   9.5 |      35 |       1 |   2.8
       D:13 |    4652 |    7932 |  63.0 |      17 |      29 |  63.0
       D:14 |    8155 |     985 |  10.8 |      23 |       1 |   4.2
       D:15 |    6277 |    1119 |  15.1 |      16 |       1 |   5.9
     Lair:1 |    4445 |    1023 |  18.7 |      17 |       1 |   5.6
     Lair:2 |    4080 |    4738 |  53.7 |      15 |      24 |  61.5
     Lair:3 |    8748 |    1822 |  17.2 |      33 |       9 |  21.4
     Lair:4 |   13737 |    1085 |   7.3 |      44 |       1 |   2.2
     Lair:5 |    3644 |    1749 |  32.4 |      13 |       4 |  23.5
     Lair:6 |   10111 |   13375 |  56.9 |      37 |      52 |  58.4
      Orc:2 |    1920 |   12247 |  86.4 |      18 |      20 |  52.6
    Ossuary |       0 |     112 | 100.0 |       0 |      44 | 100.0
    Volcano |       0 |    5748 | 100.0 |       0 |      21 | 100.0
   Gauntlet |       0 |    5855 | 100.0 |       0 |      16 | 100.0
            +---------+---------+-------+---------+---------+-------
